 Dungeon Crawl Stone Soup version 0.32-a0-401-g0bcb2a7693 (webtiles) character file.

Game seed: 3480349478433232458

580 EC1 the Covered (level 7, -2/44 HPs)
             Began as a Gargoyle Fighter on Feb 20, 2024.
             Was a Follower of Makhleb.
             Incinerated by a bombardier beetle (4 damage)
             ... with a burning spray
             ... on level 5 of the Dungeon.
             The game lasted 00:05:27 (3176 turns).

EC1 the Covered (Gargoyle Fighter)                  Turns: 3176, Time: 00:05:27

Health: -2/44      AC: 13    Str: 21    XL:     7   Next: 36%
Magic:  16/16      EV:  8    Int:  9    God:    Makhleb [*.....]
Gold:   173        SH:  9    Dex:  9    Spells: 6/6 levels left

rFire   . . .        i - +3 long sword
rCold   . . .        k - +1 kite shield
rNeg    + . .        b - +0 scale mail
rPois   ∞            j - +0 helmet
rElec   +            (no cloak)
rCorr   .            (no gloves)
SInv    .            (no boots)
Will    +....        (no amulet) Stlth
                     e - ring of willpower
HPRegen 0.27/turn    r - ring of magical power
MPRegen 0.15/turn

%: no passive effects
@: mighty, on fire, glowing
A: sickness immunity, AC +4, negative energy resistance 1, electricity
resistance, torment resistance 1, petrification resistance
a: Renounce Religion


You were on level 5 of the Dungeon.
You worshipped Makhleb.
Makhleb was aware of your devotion.
You visited 1 branch of the dungeon, and saw 5 of its levels.

You collected 173 gold pieces.

Inventory:

Hand Weapons
 a - a +0 flail
 g - a +3 dagger
 i - a +3 long sword (weapon)
Armour
 b - a +0 scale mail (worn)
 c - a +0 buckler
 j - a +0 helmet (worn)
 k - a +1 kite shield (worn)
Jewellery
 e - a ring of willpower (left hand)
 r - a ring of magical power (right hand)
Wands
 m - a wand of polymorph (10) (quivered)
 o - a wand of digging (6)
Scrolls
 l - 2 scrolls of teleportation
 n - a scroll of blinking
 s - a scroll of vulnerability
 t - a scroll of identify
Potions
 f - a potion of invisibility
 h - 7 potions of curing
 p - 2 potions of heal wounds {unknown}
 q - a potion of enlightenment {unknown}


   Skills:
 + Level 4.5 Fighting
 + Level 4.4 Long Blades
 + Level 2.4 Maces & Flails
 + Level 5.0 Armour
 + Level 1.0 Dodging
 + Level 0.2 Stealth
 + Level 4.3 Shields


You had 6 spell levels left.
You didn't know any spells.
Your spell library contained the following spells:

 Spells                   Type           Power      Damage    Failure   Level
 Shock                    Conj/Air       0%         1d3       94%         1
 Swiftness                Air            0%         N/A       100%        3
 Airstrike                Air            0%         2d(0-16)  100%        4


Dungeon Overview and Level Annotations

Branches:
Dungeon (5/15)
 Temple: D:4-7

Altars:
Makhleb
Okawaru
Sif Muna
Uskayaw
The Shining One

Shops:
D:5 [


Innate Abilities, Weirdness & Mutations

You are immune to sickness and miasma.
Your stone body is resilient. (AC +4)
You are immune to poison.
You resist negative energy. (rN+)
You are resistant to electric shocks. (rElec)
You are resistant to unholy torment.
You are immune to petrification.


Message History

The burning spray hits you.
You are even more covered in liquid fire!
You shake off some of the fire as you move.
The liquid fire burns you! The adder bites you. The adder closely misses you.
You shake off some of the fire as you move.
The liquid fire burns you!
You block the bombardier beetle's attack.
You slash the bombardier beetle!
The bombardier beetle is moderately wounded.
The liquid fire burns you!
* * * LOW HITPOINT WARNING * * *
The adder closely misses you.
The bombardier beetle sprays incendiary fluid at you.
The burning spray hits you.
You are even more covered in liquid fire!
You block the adder's attack.
You feel better. The liquid fire burns you!
The adder bites you but does no damage.
Okay, then.
Okay, then.
You feel very mighty all of a sudden. The liquid fire burns you!
* * * LOW HITPOINT WARNING * * *
The adder bites you but does no damage.
The bombardier beetle bites you but does no damage.
You slash the bombardier beetle!
You kill the bombardier beetle!
Makhleb accepts your kill. The liquid fire burns you!
* * * LOW HITPOINT WARNING * * *
The adder misses you. The adder bites you but does no damage.
You shake off some of the fire as you move.
The liquid fire burns you!
* * * LOW HITPOINT WARNING * * *
You see here a bombardier beetle corpse.
You shake off some of the fire as you move.
The liquid fire burns you!
You die...

.. ##.# # #.. ## ##.#
.### ###..## ...#####
#.....#
.......#####.#.#.#####..
...##......#..S†@.......
....#####....#.#..##....
....## ####.....## .
.....# ##.#### .....#
#... ....)# #.... ...###
###### .### ##


You could see an adder.

Vanquished Creatures
  An ice beast (D:5)
  An ogre (D:4)
  A phantom (D:5)
  A scorpion (D:4)
  2 bombardier beetles
  5 adders
  A shadow imp (D:5)
  2 ribbon worms (D:2)
  2 dart slugs (D:1)
  7 orcs
  2 bats
  6 endoplasms
  4 giant cockroaches
  12 goblins
  13 hobgoblins
  4 jackals (D:4)
  3 quokkas
  4 ball pythons
  2 frilled lizards (D:2)
  5 kobolds
  5 rats
83 creatures vanquished.

Notes
Turn   | Place    | Note
-------+----------+-------------------------------------------
     0 | D:1      | EC1 the Gargoyle Fighter began the quest for the Orb.
     0 | D:1      | Reached XP level 1. HP: 14/14 MP: 1/1
    97 | D:1      | Reached XP level 2. HP: 19/19 MP: 2/2
   279 | D:1      | Reached XP level 3. HP: 23/23 MP: 3/3
   728 | D:2      | Found a faded altar of an unknown god.
   790 | D:2      | Reached XP level 4. HP: 29/29 MP: 4/4
   946 | D:2      | Reached skill level 1 in Long Blades
  1013 | D:2      | Reached skill level 4 in Armour
  1272 | D:3      | Found a burning altar of Makhleb.
  1286 | D:3      | Became a worshipper of Makhleb the Destroyer
  1639 | D:3      | Reached XP level 5. HP: 33/33 MP: 5/5
  1908 | D:3      | Found a hide-covered altar of Uskayaw.
  1908 | D:3      | Found a shimmering blue altar of Sif Muna.
  1910 | D:3      | Found a glowing golden altar of the Shining One.
  2103 | D:4      | Reached * piety under Makhleb
  2264 | D:4      | Reached XP level 6. HP: 36/38 MP: 6/6
  2472 | D:4      | Found an iron altar of Okawaru.
  2800 | D:5      | Entered Level 5 of the Dungeon
  2800 | D:5      | Found Baumasuen's Antique Armour Shop.
  2977 | D:5      | Reached XP level 7. HP: 40/44 MP: 7/7
  3042 | D:5      | Reached skill level 5 in Armour
  3042 | D:5      | Reached skill level 1 in Dodging
  3175 | D:5      | HP: 2/44 [burnt (4)]
  3176 | D:5      | Incinerated by a bombardier beetle

Illustrated notes

Levels and vault maps discovered:
D:1:      roderic_octagonal_star, layout_rooms
D:2:      kennysheep_the_goblin_king, layout_rooms,
          dreamdust_ecumenical_altar_grove
D:3:      layout_loops_ring, gammafunk_temple_overflow_forgotten,
          bloody_makhleb, kennysheep_nondescript
D:4:      layout_loops_ring, mainiacjoe_overflow_alcove_4,
          kennysheep_big_empty_room
D:5:      kennysheep_kobold_camp, layout_cave_pods, serial_shops,
          nicolae_shop_tiny_statue_garden, serial_glass, glass_columns_c,
          glass_columns_a, uniq_menkaure

Skill      XL: |  1  2  3  4  5  6  7 |
---------------+----------------------+-----
Long Blades    | 1 3 4 |  4.4
Fighting       | 4 |  4.5
Armour         | 4 5 |  5.0
Shields        | 4 |  4.3
Dodging        | 1 |  1.0
Maces & Flails | |  2.4
Stealth        | |  0.2

Action                     |  1- 3 |  4- 6 |  7- 9 || total
---------------------------+-------+-------+-------++-------
  Melee: Flail             |    25 |       |       ||    25
         Long sword        |    42 |   188 |    17 ||   247
    Use: Scroll            |     2 |     8 |       ||    10
         Potion            |       |       |     2 ||     2
 Armour: Scale mail        |    46 |   138 |    15 ||   199
  Dodge: Dodged            |    33 |    72 |     9 ||   114
  Block: Buckler           |    16 |       |       ||    16
         Kite shield       |     2 |    79 |     6 ||    87

Table legend: (Time is in decaauts)
 A = Elapsed time spent in this place.
 B = Non-inter-level travel time spent in this place.
 C = Inter-level travel time spent in this place.
 D = Time resting spent in this place.
 E = Time spent auto-exploring this place.
 F = Levels seen in this place.
 G = Mean time per level.
                   A        B        C        D        E       F      G
               +--------+--------+--------+--------+--------+-----+--------+
         Total |   3285 |   3285 |      0 |    208 |   2117 |   5 |  657.0 |
       Dungeon |   3285 |   3285 |      0 |    208 |   2117 |   5 |  657.0 |
               +--------+--------+--------+--------+--------+-----+--------+

Top non-repeatable levels by time:
     D:3: 855 daAuts
     D:4: 731 daAuts
     D:2: 674 daAuts
     D:1: 639 daAuts
     D:5: 383 daAuts
